 Dungeon Crawl Stone Soup version 0.16.1-51-g6203257 (webtiles) character file.

74 kae the Poker (level 4, -3/42 HPs)
             Began as a Naga Fighter on July 11, 2015.
             Was an Initiate of Okawaru.
             Killed by divine providence
             ... invoked by an orc priest
              (17 damage)
             ... on level 3 of the Dungeon.
             The game lasted 00:02:01 (1572 turns).

kae the Poker (Naga Fighter)                        Turns: 1572, Time: 00:02:01

Health: -3/42      AC: 13    Str: 25    XL:     4   Next: 30%
Magic:  4/4        EV:  5    Int:  8    God:    Okawaru [......]
Gold:   152        SH:  9    Dex: 10    Spells: 0 memorised, 3 levels left

rFire  . . .     SeeInvis +     a - +0 trident
rCold  . . .     Clarity  .     b - +0 scale mail
rNeg   . . .     SustAb   .     c - +0 shield
rPois  +         Gourm    .     (no helmet)
rElec  .         Spirit   .     (no cloak)
rCorr  .         Warding  .     o - +2 pair of gloves
rMut   .         Stasis   .     (no barding)
MR     .....                    (no amulet)
Stlth  ..........               (no ring)
                                p - +5 ring of protection

@: mighty, very slow, not resistant to hostile enchantments, extremely
unstealthy
A: spit poison, see invisible, deformed body, poison resistance, slowness 2, AC
+1
a: Spit Poison, Renounce Religion


You were on level 3 of the Dungeon.
You worshipped Okawaru.
Okawaru was noncommittal.
You were hungry.

You visited 1 branch of the dungeon, and saw 3 of its levels.

You collected 152 gold pieces.

Inventory:

Hand weapons
 a - a +0 trident (weapon)
Armour
 b - a +0 scale mail (worn)
 c - a +0 shield (worn)
 o - a +2 pair of gloves (worn)
Jewellery
 p - a +5 ring of protection (left hand)
Magical devices
 l - a wand of random effects (25)
Scrolls
 f - a scroll of immolation {unknown}
 h - 2 scrolls of identify {unknown}
 j - a scroll of amnesia {unknown}
Potions
 e - a potion of might
 g - a potion of ambrosia {unknown}
 i - a potion of curing {unknown}
 n - a potion of poison {unknown}
 q - a potion of agility {unknown}
Comestibles
 d - 2 bread rations
 k - 3 fruits
 m - a meat ration


   Skills:
 - Level 3.0 Fighting
 + Level 4.4 Polearms
 - Level 2.4 Armour
 - Level 2.4 Shields


You had 3 spell levels left.
You didn't know any spells.

Dungeon Overview and Level Annotations

Branches:
Dungeon (3/15)

Altars:
Nemelex Xobeh
Okawaru

Annotations:
D:3 Jessica, Terence


Innate Abilities, Weirdness & Mutations

You cannot wear boots.
You can spit poison.
Your serpentine skin is tough (AC +1).
You have supernaturally acute eyesight.
Armour fits poorly on your strangely shaped body.
Your system is resistant to poisons.
You cover ground very slowly.


Message History

Items here: )) [ † a war axe; a ring mail; a flail; an orc corpse You hit the orc priest.
The orc priest is moderately wounded.
The orc priest's eyes start to glow.
You closely miss the orc priest.
The orc priest is moderately wounded.
The orc priest hits you but does no damage.
You closely miss the orc priest.
The orc priest is moderately wounded.
The orc priest mumbles some strange prayers to Beogh against you.
Pain shoots through your body!
You closely miss the orc priest.
The orc priest is moderately wounded.
The orc priest hits you but does no damage.
You closely miss the orc priest.
The orc priest is moderately wounded.
The orc priest mumbles some strange prayers to Beogh against you.
Something smites you!
You die...

## ...
.#############.###
...........#.......
...............>#
#########.#.#.####
.......).........
#.######.#.#.####
#@#..... #o# #.##
#.# .# #.# # #.#
#.. ## ### .# .#


You could see an orc priest.

Vanquished Creatures
  2 adders (D:2)
  2 oozes
  3 orcs (D:3)
  8 hobgoblins
  4 kobolds
  3 quokkas (D:2)
  A ball python (D:2)
  7 bats
  A giant cockroach (D:1)
  A giant gecko (D:1)
  A giant gecko skeleton (D:3)
  2 giant newts
  8 goblins
  5 rats
48 creatures vanquished.

Vanquished Creatures (others)
  5 toadstools (D:1)
5 creatures vanquished.

Grand Total: 53 creatures vanquished

Notes
Turn   | Place    | Note
--------------------------------------------------------------
     0 | D:1      | kae, the Naga Fighter, began the quest for the Orb.
     0 | D:1      | Reached XP level 1. HP: 21/21 MP: 1/1
   103 | D:1      | Reached XP level 2. HP: 24/28 MP: 2/2
   580 | D:2      | Found an iron altar of Okawaru.
   592 | D:2      | Reached XP level 3. HP: 13/34 MP: 3/3
   986 | D:2      | Became a worshipper of Warmaster Okawaru
  1085 | D:2      | Reached skill level 4 in Polearms
  1139 | D:2      | Reached XP level 4. HP: 42/42 MP: 4/4
  1253 | D:2      | Found a sparkling altar of Nemelex Xobeh.
  1546 | D:3      | Noticed Terence
  1550 | D:3      | Noticed Jessica
  1572 | D:3      | Killed from afar by an orc priest

Action                   |  1- 3 |  4- 6 || total
-------------------------+-------+-------++-------
Melee: Trident           |   155 |    49 ||   204
  Use: Potion            |       |     1 ||     1
  Eat: Chunk             |     1 |     1 ||     2
